cohdb
Replays
Latest Replays
All Replays
Popular Replays
Top Player Replays
Match Explorer
How It Works
Community
CoH3 Stats
Reddit
Sign in to upload your games and track your stats! →
Sign in with Steam
Match 40885302
Unlisted
Match 40885302
Overview
Messages
Build Orders
End
Construct Infanterie Kompanie
Grenadier Squad
Selects Breakthrough Battlegroup
Selects Assault Grenadiers
MG 42 Machine Gun Team
Grenadier Squad
Grenadier Squad
Infanterie Officer Quarters
Medical Station
Construct Panzergrenadier Kompanie
Panzergrenadier Squad
Pak 40 Anti-tank Gun Team
Panzergrenadier Squad
Pioneer Squad
Construct Panzer Kompanie
Selects 2.5-tonne Cargo Truck
Selects Blitzkrieg
Panzer IV Medium Tank
Selects Smoke Bombing Run
Selects Incendiary Bombing Run
Incendiary Bombing Run
Smoke Bombing Run
Panzer IV Medium Tank
Side Skirts
Pioneer Squad
Panzer IV Medium Tank
Panzer Officer Quarters
Pak 40 Anti-tank Gun Team
Smoke Bombing Run
Incendiary Bombing Run
Selects Tiger Heavy Tank
Selects Tiger Heavy Tank
Tiger Heavy Tank
Panzer IV Medium Tank
Pioneer Squad
Panzer IV Medium Tank
Pioneer Squad
Incendiary Bombing Run
Grenadier Squad
Smoke Bombing Run
Tiger Heavy Tank
Blitzkrieg
Pioneer Squad
Smoke Bombing Run
kutaskutas234
Para_Dilshan
Rob31
Karipap Kentang
Captain Krautwurst
Gabral124
Axziom
Soapbottle
0
0
Comments
sign in to comment!
No comments posted yet!